Map: New Gettysburg LE

Players

Gracz - Winner!

  • Race: Protoss Protoss
  • League: Bronze

Dante

  • Race: Terran Terran
  • League: Silver

VOD

Have the link to the VOD?

Description

Time

  • Played on: Sept. 18, 2016, 2:47 p.m.
  • Length: 4:14
Show
View Real Time Build Order
Export as new Build Order

Gracz Protoss - Winner!

Build Orders:  

Get SALT Encoding   

  12  0:01  Probe (Chrono Boost)  
  13  0:18  Pylon, Probe (Chrono Boost)  
  14  0:29  Probe (Chrono Boost)  
  15  0:39  Probe (Chrono Boost)  
  16  0:48  Pylon  
  16  0:50  Assimilator  
  16  0:56  Gateway  
  16  0:57  Probe (Chrono Boost)  
  17  1:09  Probe (Chrono Boost)  
  18  1:19  Probe (Chrono Boost)  
  18  1:23  Gateway  
  19  1:30  Gateway  
  19  1:46  Zealot  
  21  1:48  Probe (Chrono Boost), Cybernetics Core  
  22  2:10  Gateway  
  22  2:13  Zealot  
  24  2:26  Assimilator  
  24  2:27  Probe (Chrono Boost)  
  25  2:32  Stalker  
  27  2:37  Probe (Chrono Boost)  
  27  2:42  Pylon  
  28  2:47  Stalker  
  30  2:58  Stalker  
  30  3:00  Mothership Core (Chrono Boost)  
  34  3:18  Stalker  
  37  3:20  Probe (Chrono Boost)  
  37  3:38  Stalker  
  39  4:04  Pylon  
Show
View Real Time Build Order
Export as new Build Order

Dante Terran 

Build Orders:  

Get SALT Encoding   

  12  0:11  Supply Depot  
  12  0:21  Refinery  
  12  0:26  SCV  
  13  0:37  Barracks  
  13  0:40  SCV  
  14  0:53  SCV  
  15  1:05  SCV  
  16  1:25  Marine, Supply Depot  
  17  1:30  Orbital Command  
  17  1:42  Marine  
  17  1:44  Factory  
  18  1:59  SCV  
  18  2:00  Refinery  
  19  2:05  Barracks Tech Lab  
  19  2:11  SCV  
  19  3:54  Factory Tech Lab  
Tags
 
Add a new tag
Caveats
  • Supply blocks, unpowered buildings, or Contaminate may cause inaccurate times.
  • Supply counts are checked every 10 seconds.